 Dungeon Crawl Stone Soup version 0.21.1-1-g345015fe64 (webtiles) character file.

3482 Kohma the Carver (level 9, -4/74 HPs)
             Began as a Demonspawn Berserker on June 20, 2018.
             Was an Elder of Trog.
             Killed by divine providence
             ... invoked by an orc priest
              (9 damage)
             ... on level 7 of the Dungeon.
             The game lasted 00:24:43 (7552 turns).

Kohma the Carver (Demonspawn Berserker)             Turns: 7552, Time: 00:24:44

Health: -4/74      AC: 14    Str: 20    XL:     9   Next: 79%
Magic:  9/9        EV: 16    Int:  8    God:    Trog [****..]
Gold:   30         SH:  6    Dex: 19    Spells: 8/8 levels left

rFire    . . .     SeeInvis .   a - +2 falchion (freeze)
rCold    . . .     Gourm    .   b - +0 buckler
rNeg     . . .     Faith    +   t - +0 plate armour
rPois    .         Spirit   .   (no helmet)
rElec    .         Reflect  .   l - +0 cloak
rCorr    .         Harm     .   n - +0 pair of gloves
MR       .....                  (no boots)
Stlth    ..........             r - amulet of faith
HPRegen  0.22/turn              f - ring of stealth
MPRegen  0.11/turn              C - +2 ring of evasion

@: agile, berserk cooldown, starving, slowed, very slow
A: powered by pain 2, sturdy frame 2
a: Berserk, Trog's Hand, Brothers in Arms, Burn Spellbooks, Renounce Religion


You were on level 7 of the Dungeon.
You worshipped Trog.
Trog was greatly pleased with you.
You were starving.

You visited 2 branches of the dungeon, and saw 8 of its levels.
You also visited: Sewer.

You collected 293 gold pieces.
You spent 263 gold pieces at shops.

Inventory:

Hand Weapons
 a - a +2 falchion of freezing (weapon)
 o - a +2 short sword of protection
 q - a +1 short sword of venom
 s - a +2 vampiric short sword
 B - a +1 falchion
Missiles
 i - 75 bolts
Armour
 b - a +0 buckler (worn)
 l - a +0 cloak (worn)
 n - a +0 pair of gloves (worn)
 t - a +0 plate armour (worn)
Jewellery
 f - a ring of stealth (left hand)
 j - an uncursed amulet of guardian spirit
 r - an amulet of faith (around neck)
 C - a +2 ring of evasion (right hand)
Wands
 y - a wand of paralysis (14)
Scrolls
 d - a scroll of fear
 h - 8 scrolls of remove curse
 D - a scroll of fog {unknown}
Potions
 e - 2 potions of curing
 g - 3 potions of might
 k - 2 potions of haste
 m - 3 potions of ambrosia
 p - 2 potions of berserk rage
 u - a potion of magic
 v - a potion of flight
 w - 5 potions of heal wounds
 x - a potion of cancellation {unknown}
 z - a potion of lignification
Comestibles
 c - 5 rations


   Skills:
 + Level 7.8 Fighting
 * Level 9.8 Long Blades
 + Level 4.3 Armour
 - Level 1.7 Dodging
 - Level 4.0 Shields


You had 8 spell levels left.
You didn't know any spells.

Dungeon Overview and Level Annotations

Branches:
Dungeon (7/15)             Temple (1/1) D:5

Altars:
Ashenzari
Cheibriados
Elyvilon
Fedhas
Gozag
Hepliaklqana
Kikubaaqudgha
Makhleb
Nemelex Xobeh
Okawaru
Qazlal
Ru
Trog
Uskayaw
Vehumet
Wu Jian
Xom
Yredelemnul
Zin
The Shining One

Shops:
D:6 !(*


Innate Abilities, Weirdness & Mutations

You sometimes gain power by taking damage.
Your movements are less encumbered by armour. (ER -4)


Message History

Beogh smites you!
* * * LOW HITPOINT WARNING * * *
A red film seems to cover your vision as you go berserk!
You feel yourself moving faster!
You feel mighty!
You are starving!
The orc priest calls down the wrath of Beogh upon you.
Beogh smites you!
* * * LOW HITPOINT WARNING * * *
The orc priest hits you but does no damage.
You closely miss the orc priest.
The orc priest is almost dead.
You are too berserk!
You feel a strong urge to attack something.
You feel your anger nearly subside.
You are no longer berserk.
You are exhausted.
You feel yourself slow down.
The orc priest calls down the wrath of Beogh upon you.
Beogh smites you!
You die...

#. # .. . # ####.# ...##### .....
####### #...... #...
#.....#######...... ...
#.###.##....#......
#.#############.# #.##....#......
.o)o.)o.O.....#.###.##....#......
.############.#.@.#.##....#######
[....[.. #.###.#.......# #...
.####### #.# #.###.....## #... ..
#.# #.##.......# #... ## #.#
#o##.......#..... #.#
#.##)......#....# #.#
#.##..####.#.... #.#
#.o...####.######
#.#####)..#..........


You could see 2 orc priests.

Vanquished Creatures
  The ghost of Tali the Cleaver, a novice MiFi (D:7)
  Pikel (D:5)
  A hungry ghost (D:7)
  2 slaves (D:5)
  A sky beast (D:7)
  A necrophage (D:5)
  2 ice beasts
  3 ogres
  A phantom (D:7)
  A centaur (D:5)
  6 big kobolds (Sewer)
  Blork the orc (D:5)
  2 scorpions
  2 howler monkeys
  2 crimson imps
  3 hounds
  An orc priest (D:4)
  4 orc wizards
  3 worker ants
  2 iguanas
  A killer bee zombie (D:4)
  A hound skeleton (D:4)
  3 gnolls (D:5)
  12 adders
  A river rat (Sewer)
  2 oozes (Sewer)
  6 worms
  A dart slug (D:1)
  5 leopard geckos
  18 orcs
  8 ball pythons
  5 bats
  6 giant cockroaches
  2 gnoll zombies (D:6)
  7 goblins
  8 hobgoblins
  4 jackals (D:6)
  14 kobolds
  4 quokkas
  10 frilled lizards
  A jackal zombie (D:5)
  A leopard gecko skeleton (D:4)
  A quokka zombie (D:7)
  11 rats
172 creatures vanquished.

Vanquished Creatures (collateral kills)
  The ghost of Hatywr the Skirmisher, a novice HOFi of Beogh (D:6)
  A scorpion (D:6)
  An orc wizard (D:7)
3 creatures vanquished.

Grand Total: 175 creatures vanquished

Notes
Turn   | Place    | Note
-------+----------+-------------------------------------------
     0 | D:1      | Kohma the Demonspawn Berserker began the quest for the Orb.
     0 | D:1      | Reached XP level 1. HP: 18/18 MP: 1/1
   248 | D:1      | Reached skill level 3 in Long Blades
   260 | D:1      | Gained mutation: You sometimes gain a little power by taking damage. [demonic ancestry]
   260 | D:1      | Reached XP level 2. HP: 18/24 MP: 2/2
  1186 | D:2      | Reached XP level 3. HP: 29/29 MP: 3/3
  1355 | D:2      | Reached ** piety under Trog
  1372 | D:2      | Reached skill level 4 in Long Blades
  1770 | D:2      | Gained mutation: Your movements are slightly less encumbered by armour. (ER -2) [demonic ancestry]
  1770 | D:2      | Reached XP level 4. HP: 30/37 MP: 4/4
  2436 | D:3      | Reached skill level 1 in Shields
  2456 | D:3      | Found an iron altar of Okawaru.
  2702 | D:3      | Found a radiant altar of Vehumet.
  2747 | D:3      | Reached XP level 5. HP: 34/42 MP: 5/5
  3025 | D:4      | Found a glowing drain.
  3041 | D:4      | Reached *** piety under Trog
  3069 | Sewer    | Entered a sewer
  3349 | Sewer    | Gained mutation: Your movements are less encumbered by armour. (ER -4) [demonic ancestry]
  3349 | Sewer    | Reached XP level 6. HP: 48/48 MP: 6/6
  3503 | Sewer    | Reached skill level 5 in Long Blades
  3837 | Sewer    | Reached XP level 7. HP: 36/55 MP: 5/7
  4243 | D:4      | Found a sacrificial altar of Ru.
  4283 | D:4      | Reached **** piety under Trog
  4320 | D:4      | Reached skill level 5 in Fighting
  4320 | D:4      | Reached skill level 6 in Long Blades
  4921 | D:5      | Entered Level 5 of the Dungeon
  4928 | D:5      | Noticed Blork the orc
  4943 | D:5      | Killed Blork the orc
  4945 | D:5      | Reached XP level 8. HP: 63/63 MP: 8/8
  5043 | D:5      | Found a white marble altar of Elyvilon.
  5103 | D:5      | Found a glowing silver altar of Zin.
  5155 | D:5      | Noticed Pikel
  5205 | D:5      | Killed Pikel
  5205 | D:5      | Reached skill level 7 in Long Blades
  5248 | D:5      | Reached skill level 8 in Long Blades
  5587 | D:5      | Found a shimmering altar of Xom.
  5859 | D:5      | Found a staircase to the Ecumenical Temple.
  5868 | Temple   | Entered the Ecumenical Temple
  6153 | D:6      | Found Zauckiwiap's General Store.
  6168 | D:6      | Bought a scroll of identify for 22 gold pieces
  6168 | D:6      | Bought a +2 falchion of freezing for 191 gold pieces
  6260 | D:6      | Gained mutation: You sometimes gain power by taking damage. [demonic ancestry]
  6260 | D:6      | Reached XP level 9. HP: 42/71 MP: 9/9
  6519 | D:6      | Noticed Hatywr's ghost (novice HOFi)
  6531 | D:6      | Killed Hatywr's ghost
  6645 | D:6      | Found Unaeroyh's Weapon Shop.
  6700 | D:6      | Found Genoge's Distillery.
  6703 | D:6      | Bought a potion of heal wounds for 50 gold pieces
  6829 | D:6      | Found a basalt altar of Yredelemnul.
  7012 | D:7      | Noticed Tali's ghost (novice MiFi)
  7034 | D:7      | Killed Tali's ghost
  7034 | D:7      | Reached skill level 9 in Long Blades
  7543 | D:7      | HP: 5/111 [orc priest/divine providence (13)]
  7552 | D:7      | Killed from afar by an orc priest

Skill      XL: |  1  2  3  4  5  6  7  8  9 |
---------------+----------------------------+-----
Long Blades    | 3 4 5 6 8 9 |  9.8
Shields        | 1 2 3 4 |  4.0
Fighting       | 4 5 6 7 |  7.8
Armour         | 2 4 |  4.3
Dodging        | |  1.7

Action                   |  1- 3 |  4- 6 |  7- 9 || total
-------------------------+-------+-------+-------++-------
Melee: Falchion          |   132 |   286 |   477 ||   895
Invok: Berserk           |     1 |     4 |     6 ||    11
       Trog's Hand       |     1 |       |     4 ||     5
       Burn Spellbooks   |       |     1 |     1 ||     2
       Brothers in Arms  |       |       |     3 ||     3
  Use: Scroll            |       |    14 |     8 ||    22
  Eat: Chunk             |     4 |     3 |    13 ||    20
       Ration            |       |     2 |     3 ||     5
Armor: Chain mail        |    66 |    44 |       ||   110
       Animal skin       |     2 |       |       ||     2
       Plate armour      |       |   139 |   188 ||   327
Dodge: Dodged            |    69 |   111 |   156 ||   336
Block: Buckler           |       |    50 |    90 ||   140
       Rpst.: Falchion   |    21 |    32 |    50 ||   103
